 Dungeon Sprint DCSS version 0.24-a0-243-g8f5f5cd (webtiles) character file.

Game seed: 9420736755960051089

126 MikeHunt the Thrower (level 5, -5/81 HPs)
             Began as an Ogre Hunter on Apr 9, 2019.
             Slain by a killer bee (7 damage)
             ... in the Dungeon (Sprint IV: "Fedhas' Mad Dash").
             The game lasted 00:01:52 (82 turns).

MikeHunt the Thrower (Ogre Hunter)                    Turns: 82, Time: 00:01:53

Health: -5/81      AC:  3    Str: 21    XL:     5   Next: 9%
Magic:  6/6        EV: 11    Int: 12    God:
Gold:   67         SH:  0    Dex: 10    Spells: 4/4 levels left

rFire    . . .     SeeInvis .   a - +0 short sword
rCold    . . .     Gourm    .   (no shield)
rNeg     . . .     Faith    .   b - +0 robe
rPois    .         Spirit   .   (helmet restricted)
rElec    .         Reflect  .   (no cloak)
rCorr    .         Harm     .   (gloves unavailable)
MR       .....     NoTele   +   (boots unavailable)
Stlth    ..........             m - amulet of invisibility {+Inv}
HPRegen  0.23/turn              (no ring)
MPRegen  0.10/turn              (no ring)

@: berserking, lethally poisoned (-5 -> -22), very quick
A: large, unfitting armour, tough skin 1
a: Evoke Invisibility


You were in the Dungeon.
You were not hungry.

You visited 1 branch You collected 67 gold pieces.

Inventory:

Hand Weapons
 a - a +0 short sword (weapon)
Missiles
 c - 3 large rocks (quivered)
 d - 2 throwing nets
 l - 14 stones
Armour
 b - a +0 robe (worn)
Jewellery
 m - the amulet of invisibility (around neck) {+Inv}
   (You found it in the Dungeon)

   [amulet of nothing]

   It lets you turn invisible.
Scrolls
 k - a scroll of blinking
 n - a scroll of remove curse {unknown}
Potions
 h - a potion of haste
 i - 2 potions of magic
Comestibles
 f - a ration


   Skills:
 - Level 3.7 Fighting
 + Level 8.0 Throwing
 + Level 4.8 Dodging
 - Level 1.6 Stealth
 + Level 2.6 Evocations


You had 4 spell levels left.
You didn't know any spells.
Your spell library was empty.

Dungeon Overview and Level Annotations

Branches:
Dungeon (1/1)

Altars:


Innate Abilities, Weirdness & Mutations

You are too large for most types of armour.
You have tough skin. (AC +1)


Message History

The killer bee stings you.
The killer bee stings you but does no damage.
The killer bee barely misses you.
You barely miss the killer bee. The killer bee closely misses you.
The killer bee barely misses you. The killer bee stings you. x2
You are more poisoned.
The killer bee poisons you! The killer bee stings you!
* * * LOW HITPOINT WARNING * * *
The killer bee closely misses you.
You barely miss the killer bee.
You feel sick. The killer bee stings you!
* * * LOW HITPOINT WARNING * * *
You are more poisoned.
The killer bee poisons you! The killer bee barely misses you.
The killer bee stings you.
* * * LOW HITPOINT WARNING * * *
You hit the killer bee.
The killer bee is heavily wounded.
* * * LOW HITPOINT WARNING * * *
You feel sick. The killer bee stings you!
You die...

##################
#<..P#....y#.....#
#PP..'....@y(#.y.+
#PPPP#...†y#.#.(.#
###############(##
♣.....y.(y...#
.....♣.....#...#
.y. ♣..♣..###### +
#+#####


You could see 3 killer bees.

Vanquished Creatures
  A killer bee (D)
  2 oklob saplings (D)
  A worker ant (D)
  A river rat (D)
  A rat (D)
6 creatures vanquished.

Notes
Turn   | Place    | Note
-------+----------+-------------------------------------------
     0 | D        | MikeHunt the Ogre Hunter began the quest for the Orb.
     0 | D        | Reached XP level 1. HP: 22/22 MP: 1/1
     4 | D        | Reached skill level 1 in Stealth
     4 | D        | Reached XP level 2. HP: 32/32 MP: 2/2
    14 | D        | Noticed an oklob sapling
    15 | D        | Killed an oklob sapling
    15 | D        | Reached skill level 6 in Throwing
    15 | D        | Reached XP level 3. HP: 39/39 MP: 3/3
    23 | D        | Found the amulet of invisibility {+Inv}
    25 | D        | Reached skill level 7 in Throwing
    41 | D        | Noticed an oklob sapling
    42 | D        | Killed an oklob sapling
    42 | D        | Reached skill level 1 in Evocations
    42 | D        | Reached XP level 4. HP: 48/48 MP: 3/5
    57 | D        | Noticed a queen bee
    62 | D        | Reached skill level 8 in Throwing
    62 | D        | Reached XP level 5. HP: 54/54 MP: 4/6
    81 | D        | HP: 2/81 [killer bee (4)]
    82 | D        | Slain by a killer bee

Levels and vault maps discovered:
D:        dungeon_sprint_fedhas [sprint_temple]

Skill      XL: |  1  2  3  4 |
---------------+-------------+-----
Fighting       | 3 |  3.7
Dodging        | 2 4 |  4.8
Stealth        | 1 |  1.6
Throwing       | 6 7 8 |  8.0
Evocations     | 1 2 |  2.6

Action                   |  1- 3 |  4- 6 || total
-------------------------+-------+-------++-------
Melee: Short sword       |     2 |     3 ||     5
Throw: Large rock        |     4 |     2 ||     6
       Stone             |       |     5 ||     5
  Use: Potion            |       |     3 ||     3
 Stab: Sleeping          |     1 |       ||     1
Armor: Robe              |       |     2 ||     2
Dodge: Dodged            |     1 |    21 ||    22

Table legend:
 A = Non-vault XP
 B = Vault XP
 C = Vault XP percentage of total XP
 D = Non-vault monster count
 E = Vault monster count
 F = Vault count percentage of total count
                 A         B        C        D         E       F
            +---------+---------+-------+---------+---------+-------
      Total |       0 |     180 | 100.0 |       0 |       6 | 100.0
            +---------+---------+-------+---------+---------+-------
          D |       0 |     180 | 100.0 |       0 |       6 | 100.0
            +---------+---------+-------+---------+---------+-------
